 Dungeon Crawl Stone Soup version 0.19.3-4-gbf9329e (console) character file.

8164 itsmu the Geomancer (level 11, 0/80 HPs)
             Began as a Formicid Earth Elementalist on Jan 28, 2017.
             Was a Believer of Uskayaw.
             Slain by a vampire (5 damage)
             ... on level 11 of the Dungeon.
             The game lasted 00:50:47 (12926 turns).

itsmu the Geomancer (Formicid Earth Elementalist)  Turns: 12926, Time: 00:50:48

Health: 0/80       AC:  4    Str: 13    XL:     11   Next: 50%
Magic:  8/19       EV: 11    Int: 18    God:    Uskayaw [**....]
Gold:   506        SH:  0    Dex: 11    Spells: 5 memorised, 7 levels left

rFire  . . .     SeeInvis +     b - +2 hand axe (venom)
rCold  . . .     Gourm    .     c - +0 robe
rNeg   . . .     Faith    .     (no shield)
rPois  .         Spirit   .     (helmet unavailable)
rElec  .         Reflect  .     (no cloak)
rCorr  .         Harm     .     i - +1 pair of gloves
MR     +....                    (no boots)
Stlth  ++........               (no amulet)
                                (no ring)
                                (no ring)

@: heavily drained
A: permanent stasis, dig shafts and tunnels, four strong arms, antennae 3
a: Dig, Shaft Self, Stomp, Line Pass, Renounce Religion


You were on level 11 of the Dungeon.
You worshipped Uskayaw.
Uskayaw was noncommittal.
You were hungry.

You visited 2 branches of the dungeon, and saw 13 of its levels.

You collected 506 gold pieces.

Inventory:

Hand Weapons
 b - a +2 hand axe of venom (weapon)
   (You took it off an orc priest on level 3 of the Dungeon)
 k - a +3 spear
   (You took it off a gnoll on level 1 of the Dungeon)
 p - a +0 scimitar of flaming
   (You took it off Erica on level 8 of the Dungeon)
 B - the +5 arbalest of Jona {velocity, *Drain rC+ rN+++ Str+3}
   (You acquired it on level 10 of the Dungeon)

   Any bolt fired from it inflicts extra damage.
   It affects your strength (+3).
   It protects you from cold.
   It renders you almost immune to negative energy.
   It causes draining when unequipped.
Missiles
 a - 46 stones
 f - 3 poisoned tomahawks (quivered)
 v - 5 steel tomahawks
Armour
 c - a +0 robe (worn)
 i - a +1 pair of gloves (worn)
   (You found it on level 1 of the Dungeon)
 J - +0 mottled dragon scales
   (You found it on level 12 of the Dungeon)
Jewellery
 n - a +3 ring of intelligence {unknown}
   (You found it on level 1 of the Dungeon)
 t - an uncursed ring of magical power {unknown}
   (You found it on level 7 of the Dungeon)
 x - a cursed -3 ring of protection {unknown}
   (You found it on level 10 of the Dungeon)
 C - an uncursed ring of protection from fire {unknown}
   (You found it on level 4 of the Dungeon)
 D - a cursed ring of ice {unknown}
   (You found it on level 5 of the Dungeon)
 E - an uncursed amulet of the gourmand {unknown}
   (You found it on level 5 of the Dungeon)
 G - an uncursed ring of ice {unknown}
   (You found it on level 8 of the Dungeon)
 M - an uncursed amulet of faith {unknown}
   (You found it on level 11 of the Dungeon)
Wands
 w - a wand of iceblast (6/15)
   (You found it on level 8 of the Dungeon)
 y - a wand of iceblast (6/15)
   (You found it on level 10 of the Dungeon)
 H - a wand of iceblast (1/15)
   (You found it on level 6 of the Dungeon)
Scrolls
 l - 3 scrolls of noise
 m - a scroll of remove curse
 r - a scroll of magic mapping
 s - 2 scrolls of amnesia
 F - 2 scrolls of fog
Potions
 h - a potion of lignification
 j - a potion of cure mutation {!q}
 z - 2 potions of brilliance
Books
 e - a book of Geomancy

   Spells                             Type                      Level
   a - Sandblast                      Earth                        1
   b - Passwall                       Transmutation/Earth          2
   c - Stone Arrow                    Conjuration/Earth            3
   d - Petrify                        Transmutation/Earth          4
   e - Lee's Rapid Deconstruction     Earth                        5
 K - a book of Cantrips
   (You found it on level 10 of the Dungeon)

   Spells                             Type                      Level
   a - Confusing Touch                Hexes                        1
   b - Animate Skeleton               Necromancy                   1
   c - Summon Small Mammal            Summoning                    1
   d - Apportation                    Translocation                1
Comestibles
 d - 12 bread rations
 g - 6 meat rations
 o - 7 beef jerkies
 A - 6 slices of pizza
 I - 3 fruits
 L - 8 chunks of flesh


   Skills:
 + Level 5.4(4.2) Fighting
 + Level 7.5(6.4) Axes
   Level 2.3(4.0) Maces & Flails
 - Level 1.7(0.6) Dodging
 - Level 2.5(1.4) Stealth
 + Level 5.7(4.5) Spellcasting
 - Level 4.0(2.8) Conjurations
 - Level 1.1(0.0) Transmutations
 * Level 13.4(11.9) Earth Magic
 + Level 5.8(4.5) Invocations


You had 7 spell levels left.
You knew the following spells:

 Your Spells              Type           Power        Failure   Level  Hunger
a - Sandblast             Erth           #####.       1%          1    None
b - Petrify               Tmut/Erth      ####....     14%         4    ####...
f - Lee's Rapid Deconstr  Erth           #####.....   2%          5    ######.
o - Stone Arrow           Conj/Erth      ####..       1%          3    ###....
A - Apportation           Tloc           #.........   14%         1    None


Dungeon Overview and Level Annotations

Branches:
Dungeon (12/15)            Temple (1/1) D:7             Orc (0/2) D:9
   Lair: D:8-11

Altars:
Ashenzari
Cheibriados
Dithmenos
Elyvilon
Fedhas
Gozag
Hepliaklqana
Kikubaaqudgha
Makhleb
Nemelex Xobeh
Okawaru
Qazlal
Ru
Sif Muna
Trog
Uskayaw
Vehumet
Xom
Yredelemnul
Zin
The Shining One

Annotations:
D:5 exclusion: sensed monster (detected), Dowan
D:10 Fannar


Innate Abilities, Weirdness & Mutations

You are under a permanent stasis effect.
You can dig through walls and to a lower floor.
Your four strong arms can wield two-handed weapons with a shield.
You have a pair of large antennae on your head. (SInv)


Message History

Something bites you.
* * * LOW HITPOINT WARNING * * *
You hit something but do no damage. Something hits you but does no damage.
Something bites you but does no damage.
You can no longer pass through a line of other dancers.
You hit something but do no damage.
Something is infused with unholy energy, but nothing happens.
You hit something. Something hits you but does no damage.
Something bites you but does no damage.
You feel better.
Something is infused with unholy energy, but nothing happens.
You hit something. Something hits you!
* * * LOW HITPOINT WARNING * * *
Something bites you but does no damage.
You can now pass through a line of other dancers.
You closely miss something.
You feel less woody.
Your +1 pair of gloves unmelds from your body.
Your +0 robe unmelds from your body.
The vampire hits you.
You die...

#.# #.#
#.# #.#
#.#
#####.##
#......#
#$.....#
#.....a#
#####V##
#....V.#
#......#
#(.....#
#......#
#.......
#......##
#......#


You could see a vampire.

Vanquished Creatures
  Erica (D:8)
  An unseen horror (D:8)
  A hill giant (D:10)
  A cyclops (D:10)
  A two-headed ogre (D:8)
  2 hippogriffs (D:10)
  A vampire (D:10)
  A human (D:8)
  4 hogs (D:8)
  Eustachio (D:5)
  Sigmund (D:6)
  A mottled dragon (D:12)
  A water moccasin (D:10)
  3 ice beasts
  4 orc warriors
  A sky beast (D:7)
  An ogre (D:7)
  A necrophage (D:7)
  A phantom (D:7)
  3 centaurs
  7 bullfrogs
  4 big kobolds
  3 scorpions
  A water moccasin skeleton (D:4)
  10 killer bees
  A howler monkey (D:6)
  3 wights
  2 bullfrog zombies
  5 crimson imps
  4 hounds
  8 orc priests
  2 jellies
  A centaur skeleton (D:4)
  2 iguanas
  9 orc wizards
  7 worker ants
  A killer bee zombie (D:7)
  A hound skeleton (D:5)
  3 worker ant zombies
  3 gnolls
  8 adders
  5 shadow imps
  An ooze (D:1)
  An adder zombie (D:9)
  An adder skeleton (D:4)
  A worm (D:2)
  A dart slug (D:2)
  5 leopard geckos
  39 orcs
  10 bats
  A giant cockroach (D:4)
  3 goblins (D:1)
  7 hobgoblins
  6 jackals
  24 kobolds
  6 quokkas
  6 frilled lizards
  A jackal zombie (D:6)
  5 rats
239 creatures vanquished.

Notes
Turn   | Place    | Note
-------+----------+-------------------------------------------
     0 | D:1      | itsmu the Formicid Earth Elementalist began the quest for the Orb.
     0 | D:1      | Reached XP level 1. HP: 13/13 MP: 3/3
   101 | D:1      | Reached skill level 4 in Earth Magic
   101 | D:1      | Reached XP level 2. HP: 4/19 MP: 1/5
   581 | D:1      | Reached skill level 1 in Maces & Flails
   676 | D:1      | Reached XP level 3. HP: 23/24 MP: 2/6
  1295 | D:2      | Reached skill level 5 in Earth Magic
  1295 | D:2      | Reached XP level 4. HP: 26/30 MP: 4/7
  1354 | D:1      | Learned a level 3 spell: Stone Arrow
  2311 | D:3      | Reached XP level 5. HP: 35/35 MP: 8/8
  2670 | D:3      | Reached skill level 6 in Earth Magic
  2693 | D:3      | Reached skill level 1 in Axes
  2698 | D:3      | Found a white marble altar of Elyvilon.
  2785 | D:3      | Reached XP level 6. HP: 41/41 MP: 5/9
  3440 | D:4      | Reached skill level 7 in Earth Magic
  3489 | D:4      | Reached skill level 1 in Conjurations
  3489 | D:4      | Reached XP level 7. HP: 25/46 MP: 1/10
  3764 | D:4      | Found a snail-covered altar of Cheibriados.
  4296 | D:4      | Found a sacrificial altar of Ru.
  4400 | D:4      | Reached skill level 8 in Earth Magic
  4447 | D:5      | Entered Level 5 of the Dungeon
  4457 | D:5      | Noticed Dowan
  4589 | D:5      | Got an ominously black robe
  4648 | D:4      | Identified the cursed +0 robe of Resonance {rF- Int+3 Dex+6 SInv Stlth-} (You found it on level 5 of the Dungeon)
  4671 | D:5      | Reached XP level 8. HP: 42/52 MP: 11/11
  5040 | D:5      | Noticed Eustachio
  5346 | D:6      | hm
  5365 | D:5      | Killed Eustachio
  5365 | D:5      | Reached skill level 9 in Earth Magic
  6322 | D:6      | Noticed Sigmund
  6330 | D:6      | Killed Sigmund
  6330 | D:6      | Reached skill level 10 in Earth Magic
  6330 | D:6      | Reached XP level 9. HP: 57/57 MP: 0/12
  6819 | D:7      | Reached skill level 5 in Axes
  7000 | D:7      | Learned a level 5 spell: Lee's Rapid Deconstruction
  7465 | D:7      | Found a staircase to the Ecumenical Temple.
  7542 | Temple   | Entered the Ecumenical Temple
  7830 | Temple   | Became a worshipper of Uskayaw the Reveler
  7968 | D:7      | Reached * piety under Uskayaw
  8094 | D:8      | Reached skill level 1 in Fighting
  8094 | D:8      | Reached ** piety under Uskayaw
  8113 | D:8      | Reached skill level 11 in Earth Magic
  8250 | D:8      | Reached skill level 1 in Invocations
  8253 | D:8      | Reached *** piety under Uskayaw
  8258 | D:8      | Reached **** piety under Uskayaw
  8402 | D:8      | Reached XP level 10. HP: 52/68 MP: 2/15
  8492 | D:8      | Learned a level 4 spell: Petrify
  8542 | D:8      | Noticed Erica
  8568 | D:8      | Killed Erica
  8808 | D:8      | Reached skill level 12 in Earth Magic
  9995 | D:8      | Noticed an unseen horror
 10004 | D:8      | Killed an unseen horror
 10619 | D:9      | Reached XP level 11. HP: 73/78 MP: 1/18
 11066 | D:9      | Found an opulent altar of Gozag.
 11227 | D:9      | Reached skill level 5 in Spellcasting
 11375 | D:9      | Found a staircase to the Orcish Mines.
 11481 | D:10     | Entered Level 10 of the Dungeon
 11483 | D:10     | Noticed a cyclops
 11488 | D:10     | Killed a cyclops
 11488 | D:10     | Reached skill level 13 in Earth Magic
 11588 | D:10     | Reached skill level 5 in Fighting
 11686 | D:10     | Reached skill level 5 in Invocations
 11773 | D:10     | Learned a level 1 spell: Apportation
 11931 | D:10     | Noticed a hill giant
 11933 | D:10     | hm
 11954 | D:10     | this was a mistake imo
 11959 | D:10     | Killed a hill giant
 11960 | D:10     | ^_^;;
 12011 | D:10     | Identified a scroll of acquirement
 12012 | D:10     | Got a scorched arbalest
 12013 | D:10     | really
 12013 | D:10     | Identified the +5 arbalest of Jona {velocity, *Drain rC+ rN+++ Str+3} (You acquired it on level 10 of the Dungeon)
 12386 | D:10     | Noticed Fannar
 12387 | D:10     | erm hello
 12392 | D:10     | You fall through a shaft for 2 floors!
 12393 | D:12     | that's not how i thought that would work
 12884 | D:11     | ???
 12926 | D:11     | Slain by a vampire

Skill      XL: |  1  2  3  4  5  6  7  8  9 10 11 |
---------------+----------------------------------+-----
Earth Magic    | 4 5 6 7 8 10 11 12 13 | 13.4
Maces & Flails | 1 2 |  2.3
Axes           | 1 2 3 4 5 6 7 |  7.5
Conjurations   | 1 2 3 4 |  4.0
Fighting       | 2 4 5 |  5.4
Spellcasting   | 3 4 5 |  5.7
Invocations    | 2 4 5 |  5.8
Dodging        | |  1.7
Stealth        | |  2.5
Transmutations | |  1.1

Action                   |  1- 3 |  4- 6 |  7- 9 | 10-12 || total
-------------------------+-------+-------+-------+-------++-------
Melee: Mace              |     6 |     8 |       |       ||    14
       Hand axe          |       |    33 |   107 |    75 ||   215
Throw: Tomahawk          |     2 |    15 |    20 |    28 ||    65
 Cast: Sandblast         |    31 |    55 |    90 |    93 ||   269
       Stone Arrow       |       |       |    26 |    67 ||    93
       Lee's Rapid Decon |       |       |       |     7 ||     7
Invok: Stomp             |       |       |     1 |       ||     1
       Line Pass         |       |       |     1 |       ||     1
 Abil: Dig               |       |       |     1 |       ||     1
       Shaft Self        |       |       |       |     1 ||     1
Evoke: Wand              |       |       |       |     6 ||     6
  Use: Scroll            |     2 |     1 |    12 |     9 ||    24
       Potion            |       |     1 |     7 |     7 ||    15
 Stab: Sleeping          |       |     1 |     3 |     1 ||     5
       Invisible         |       |       |     2 |       ||     2
       Paralysed         |       |       |     1 |     2 ||     3
  Eat: Chunk             |     1 |     8 |    16 |    15 ||    40
       Royal jelly       |       |       |     1 |       ||     1
       Pizza             |       |       |     1 |     2 ||     3
       Fruit             |       |       |       |     4 ||     4
Armor: Robe              |     2 |    12 |    25 |     8 ||    47
       Skin              |       |       |       |    52 ||    52
Dodge: Dodged            |    13 |    38 |   101 |    53 ||   205
